Map: Frozen Temple

Players

Fropez

  • Race: Protoss Protoss
  • League: Gold
  • Spawn Location: 5:00

Fenix - Winner!

  • Race: Protoss Protoss
  • League: Gold
  • Spawn Location: 11:00

VOD

Have the link to the VOD?

Description

Time

  • Played on: Oct. 13, 2016, 10:42 a.m.
  • Length: 10:36
Show
View Real Time Build Order
Export as new Build Order

Fropez Protoss 

Build Orders:  

Get SALT Encoding   

  12  0:01  Probe (Chrono Boost)  
  13  0:12  Probe (Chrono Boost)  
  14  0:20  Pylon  
  14  0:24  Probe (Chrono Boost)  
  15  0:38  Probe (Chrono Boost)  
  15  0:41  Gateway  
  16  0:48  Probe (Chrono Boost)  
  16  0:49  Assimilator  
  17  0:59  Probe (Chrono Boost)  
  18  1:09  Probe (Chrono Boost)  
  19  1:17  Gateway  
  19  1:20  Assimilator  
  19  1:21  Pylon, Probe (Chrono Boost)  
  20  1:37  Cybernetics Core  
  20  2:06  Nexus  
  20  2:10  Pylon  
  20  2:18  Adept  
  22  2:30  Adept  
  22  2:32  Warp Gate  
  22  2:35  Probe (Chrono Boost)  
  25  2:46  Mothership Core (Chrono Boost)  
  27  2:57  Pylon  
  27  3:04  Adept  
  29  3:26  Stalker  
  31  3:32  Probe (Chrono Boost)  
  31  3:33  Probe (Chrono Boost)  
  33  3:38  Adept  
  35  3:45  Gateway  
  35  3:49  Probe (Chrono Boost)  
  36  4:03  Pylon  
  34  4:51  Probe (Chrono Boost)  
  34  4:52  Probe (Chrono Boost)  
  36  4:53  Gateway  
  36  4:56  Gateway x2  
  36  4:57  Adept  
  36  4:58  Adept x2  
  42  5:05  Pylon  
  42  5:12  Pylon  
  42  5:17  Pylon  
  42  5:19  Adept x3  
  46  5:56  Stalker x3  
  36  6:21  Forge  
  36  6:24  Twilight Council  
  34  6:27  Gateway  
  34  6:28  Stalker x3  
  40  6:35  Probe (Chrono Boost)  
  40  6:36  Probe (Chrono Boost)  
  42  6:46  Stalker x2  
  46  6:48  Stalker  
  48  7:07  Blink (Chrono Boost)  
  48  7:18  Protoss Ground Weapons Level 1 (Chrono Boost)  
  48  7:25  Nexus  
  48  7:26  Probe  
  48  7:27  Probe  
  50  7:37  Stalker  
  52  7:51  Stalker x2  
  52  7:52  Stalker  
  58  8:16  Probe x2  
  60  8:20  Pylon  
  60  8:22  Pylon  
  60  8:26  Pylon  
  60  8:27  Assimilator  
  60  8:29  Assimilator  
  60  8:41  Probe x2  
  62  8:42  Stalker  
  62  8:46  Templar Archives  
  62  8:47  Gateway  
  60  8:56  Stalker  
  44  9:48  Stalker x3  
  44  9:49  Stalker  
  46  10:01  Stalker x3  
  52  10:11  Photon Cannon  
  52  10:13  Photon Cannon  
  50  10:17  Stalker x3  
  50  10:18  Stalker  
  45  10:30  Stalker x2  
  45  10:31  Stalker  
Show
View Real Time Build Order
Export as new Build Order

Fenix Protoss - Winner!

Build Orders: Double Forge 

Get SALT Encoding   

  12  0:04  Probe (Chrono Boost)  
  13  0:19  Pylon  
  13  0:22  Probe (Chrono Boost)  
  14  0:33  Probe (Chrono Boost)  
  15  0:40  Gateway  
  15  0:45  Probe (Chrono Boost)  
  15  0:46  Assimilator  
  16  0:56  Probe (Chrono Boost)  
  17  1:09  Pylon  
  17  1:15  Probe (Chrono Boost)  
  18  1:26  Probe (Chrono Boost)  
  18  1:28  Cybernetics Core  
  18  1:31  Gateway  
  19  1:36  Probe (Chrono Boost), Zealot  
  23  1:47  Probe (Chrono Boost), Assimilator  
  23  2:05  Probe (Chrono Boost)  
  26  2:16  Mothership Core (Chrono Boost)  
  26  2:34  Probe (Chrono Boost)  
  27  2:44  Warp Gate (Chrono Boost)  
  27  2:46  Stalker  
  27  2:47  Sentry  
  31  3:02  Pylon  
  31  3:04  Pylon  
  31  3:08  Nexus  
  32  3:20  Probe  
  32  3:32  Probe  
  33  3:41  Stalker  
  33  3:42  Pylon, Sentry  
  33  3:44  Pylon, Probe  
  38  3:56  Probe  
  39  4:08  Probe  
  39  4:20  Probe  
  39  4:30  Probe  
  39  4:32  Probe  
  39  4:35  Forge  
  39  4:37  Forge  
  41  4:40  Probe  
  41  4:44  Probe  
  41  4:45  Pylon, Assimilator  
  43  4:49  Assimilator  
  43  4:51  Probe  
  44  4:56  Probe  
  45  5:01  Probe  
  45  5:02  Pylon  
  46  5:07  Robotics Facility  
  46  5:08  Probe  
  46  5:12  Probe  
  46  5:14  Robotics Facility  
  48  5:21  Probe, Photon Cannon  
  49  5:22  Probe  
  49  5:27  Photon Cannon  
  50  5:33  Probe x2  
  51  5:45  Probe  
  40  6:24  Stalker  
  40  6:25  Stalker  
  44  6:28  Probe  
  44  6:29  Immortal (Chrono Boost)  
  44  6:30  Probe  
  50  6:39  Probe  
  50  6:42  Probe  
  52  6:49  Probe  
  52  6:52  Pylon  
  52  6:53  Immortal (Chrono Boost)  
  57  6:54  Probe  
  57  7:00  Probe  
  58  7:03  Protoss Ground Weapons Level 1, Protoss Ground Armor Level 1  
  58  7:06  Probe  
  58  7:15  Stalker x2  
  62  7:29  Immortal (Chrono Boost)  
  66  7:35  Probe  
  66  7:37  Probe  
  67  7:43  Stalker x2  
  72  7:49  Probe  
  73  7:53  Immortal (Chrono Boost)  
  73  7:56  Gateway  
  77  8:05  Probe  
  77  8:06  Probe  
  77  8:08  Pylon  
  79  8:28  Gateway  
  79  8:30  Immortal (Chrono Boost)  
  87  8:34  Pylon  
  87  8:35  Immortal (Chrono Boost)  
  85  8:56  Stalker x2  
  89  9:04  Immortal (Chrono Boost)  
  97  9:14  Immortal (Chrono Boost)  
  97  9:16  Stalker  
  97  9:56  Pylon  
  97  10:00  Pylon  
  97  10:05  Pylon  
  97  10:08  Pylon  
  93  10:33  Stalker x3  
  93  10:34  Stalker  
Tags
 
League
GoldGold
Matchup
PvP
Replay Pack
All Mines
Spawn Locations
Cross Positions
Add a new tag
Caveats
  • Supply blocks, unpowered buildings, or Contaminate may cause inaccurate times.
  • Supply counts are checked every 10 seconds.